 Dungeon Crawl Stone Soup version 0.19-a0-1365-gb34f4cb (webtiles) character file.

74 Amnesiac the Grave Robber (level 4, -7/24 HPs)
             Began as a Deep Elf Necromancer on Sept 3, 2016.
             Killed by divine providence
             ... invoked by an orc priest
              (16 damage)
             ... on level 3 of the Dungeon.
             The game lasted 00:06:12 (2711 turns).

Amnesiac the Grave Robber (Deep Elf Necromancer)    Turns: 2711, Time: 00:06:13

Health: -7/24      AC:  2    Str:  5    XL:     4   Next: 10%
Magic:  2/11       EV: 13    Int: 20    God:
Gold:   0          SH:  0    Dex: 16    Spells: 1 memorised, 9 levels left

rFire  . . .     SeeInvis .     c - +0 club
rCold  . . .     Gourm    .     a - +0 robe
rNeg   . . .     Faith    .     (no shield)
rPois  .         Spirit   .     (no helmet)
rElec  .         Dismiss  .     (no cloak)
rCorr  .         Reflect  .     (no gloves)
MR     .....     Harm     .     (no boots)
Stlth  ++........               (no amulet)
                                (no ring)
                                (no ring)

@: no status effects
A: no striking features
a: no special abilities


You were on level 3 of the Dungeon.
You were very hungry.

You visited 1 branch of the dungeon, and saw 3 of its levels.
You also visited: Sewer.

Inventory:

Hand Weapons
 c - a +0 club (weapon)
Armour
 a - a +0 robe (worn)
Scrolls
 e - 2 scrolls of recharging {unknown}
 h - a scroll of fear {unknown}
 l - a scroll of enchant armour {unknown}
 m - a scroll of teleportation {unknown}
Potions
 d - a potion of degeneration {unknown}
 f - a potion of magic {unknown}
 g - a potion of curing {unknown}
 i - a potion of might {unknown}
 j - 2 potions of haste {unknown}
 k - 2 potions of heal wounds {unknown}
Books
 b - a book of Necromancy

   Spells                             Type                      Level
   a - Pain                           Necromancy                   1
   b - Animate Skeleton               Necromancy                   1
   c - Vampiric Draining              Necromancy                   3
   d - Regeneration                   Charms/Necromancy            3
   e - Animate Dead                   Necromancy                   4
   f - Control Undead                 Necromancy                   4
Comestibles
 n - a meat ration
 o - a bread ration


   Skills:
 - Level 2.4 Dodging
 - Level 2.4 Stealth
 + Level 3.9 Spellcasting
 * Level 6.4 Necromancy


You had 9 spell levels left.
You knew the following spells:

 Your Spells              Type           Power        Failure   Level  Hunger
z - Pain                  Necr           ####         1%          1    None


Dungeon Overview and Level Annotations

Branches:
Dungeon (3/15)

Altars:
Nemelex Xobeh


Message History

Confirm with . or Enter, or press ? or * to list all spells.
Aiming: Pain
Press: ? - help, Shift-Dir - straight line, f/p - gnoll
Aim: a gnoll, wielding a spear (almost dead, chance to defeat MR: 89%)
The gnoll writhes in agony!
You kill the gnoll!
You have reached level 4!
You feel clever.
The orc shouts!
The gnoll hits you with a whip.
Casting: Pain
Confirm with . or Enter, or press ? or * to list all spells.
Aiming: Pain
Press: ? - help, Shift-Dir - straight line, f - gnoll
Aim: a gnoll, wielding a whip (chance to defeat MR: 89%)
The gnoll writhes in agony!
The gnoll hits you with a whip.
The orc priest calls down the wrath of Beogh upon you.
Beogh smites you!
Ouch! That really hurt!
You die...

#........## #...#.....#
<###...#.....#####
...........g.....#
#.##...##.....###.# ##
.##.[.######## #.# ..
......# #)## #.##....#
#..# #..@....# ##.#
#..#....#### #..
#..#g).....## ##.
.....)<.......# #.
...o.##.......#### ##
..............#....# #.
##.#o..######.####.####.
#..o...................
... ..#####.###.##.##'


You could see an orc priest, a gnoll and 2 orcs.

Vanquished Creatures
  3 gnolls (D:3)
  An adder (D:3)
  A giant gecko (D:2)
  2 bats (D:1)
  3 giant cockroaches (D:3)
  2 hobgoblins (D:1)
  8 jackals (Sewer)
  6 ball pythons (Sewer)
  3 giant newts (Sewer)
  7 kobolds
  2 plants (Sewer)
38 creatures vanquished.

Vanquished Creatures (others)
  4 plants (Sewer)
4 creatures vanquished.

Grand Total: 42 creatures vanquished

Notes
Turn   | Place    | Note
-------+----------+-------------------------------------------
     0 | D:1      | Amnesiac the Deep Elf Necromancer began the quest for the Orb.
     0 | D:1      | Reached XP level 1. HP: 10/10 MP: 6/6
    74 | D:1      | Reached skill level 5 in Necromancy
   374 | D:2      | Found a sparkling altar of Nemelex Xobeh.
   412 | D:3      | Reached XP level 2. HP: 11/15 MP: 2/8
   500 | D:3      | Found a glowing drain.
   504 | D:3      | Reached XP level 3. HP: 14/19 MP: 5/10
   516 | Sewer    | Entered a sewer
  1090 | Sewer    | Reached skill level 6 in Necromancy
  1835 | Sewer    | Paralysed by fainting for 9 turns
  2708 | D:3      | Reached XP level 4. HP: 16/24 MP: 3/11
  2711 | D:3      | Killed from afar by an orc priest

Vault maps used:
D:1:      dpeg_arrival_another_circle
D:2:      lemuel_doored_altar, uniq_terence
D:3:      first_bread, gup_sewer_entry_glass
Sewer:    sewer_co_scattered_pipes

Skill      XL: |  1  2  3 |
---------------+----------+-----
Necromancy     | 5 6 |  6.4
Dodging        | |  2.4
Stealth        | |  2.4
Spellcasting   | |  3.9

Action                   |  1- 3 |  4- 6 || total
-------------------------+-------+-------++-------
Melee: Unarmed           |   618 |       ||   618
       Club              |   184 |       ||   184
 Cast: Pain              |    66 |     2 ||    68
  Eat: Chunk             |     3 |       ||     3
       Bread ration      |     1 |       ||     1
Armor: Robe              |     5 |       ||     5
Dodge: Dodged            |    24 |       ||    24
